Map: Kairos Junction LE

Players

TBoogie - Winner!

  • Race: Protoss Protoss
  • League: Silver
  • Spawn Location: 5:00

CaptainBrash

  • Race: Zerg Zerg
  • League: Gold
  • Spawn Location: 11:00

VOD

Have the link to the VOD?

Description

Time

  • Played on: Feb. 3, 2019, 12:45 a.m.
  • Length: 20:06
Show
View Real Time Build Order
Export as new Build Order

TBoogie Protoss - Winner!

Build Orders: Carriers 

Get SALT Encoding   

  12  0:02  Probe  
  14  0:14  Probe  
  14  0:21  Pylon  
  14  0:25  Probe  
  15  0:31  Assimilator  
  15  0:35  Probe  
  16  0:43  Probe  
  17  0:51  Gateway  
  17  0:56  Probe  
  17  1:02  Assimilator  
  18  1:04  Probe  
  19  1:13  Probe  
  20  1:27  Probe, Pylon  
  21  1:38  Zealot  
  23  1:45  Probe  
  24  1:50  Gateway  
  24  1:57  Probe  
  25  2:01  Cybernetics Core  
  25  2:02  Zealot  
  27  2:27  Nexus  
  27  2:32  Zealot, Assimilator  
  29  2:41  Stalker  
  31  2:48  Assimilator  
  31  3:01  Pylon  
  31  3:19  Stalker, Probe  
  34  3:22  Pylon  
  34  3:31  Probe  
  35  3:38  Stalker  
  37  3:41  Probe  
  37  3:43  Probe  
  39  3:49  Probe  
  39  3:52  Probe  
  40  3:58  Probe  
  40  4:00  Probe  
  40  4:02  Stalker  
  45  4:10  Probe x2, Warp Gate  
  47  4:17  Robotics Facility  
  47  4:20  Probe  
  47  4:23  Probe  
  49  4:29  Probe  
  49  4:35  Probe  
  49  4:37  Probe  
  51  4:43  Probe  
  52  4:48  Probe  
  52  4:51  Stalker, Probe  
  56  4:53  Stalker  
  56  4:59  Pylon  
  59  5:01  Probe  
  59  5:06  Pylon  
  60  5:10  Observer  
  60  5:13  Probe  
  62  5:29  Pylon  
  62  5:33  Probe  
  63  5:37  Nexus  
  63  5:44  Assimilator  
  63  5:45  Probe  
  64  5:51  Protoss Air Weapons Level 1  
  64  5:59  Stalker  
  64  6:00  Stalker  
  68  6:34  Stalker  
  68  6:35  Stalker  
  72  6:43  Stargate  
  72  6:56  Shield Battery  
  72  7:06  Stargate  
  72  7:11  Stalker  
  72  7:13  Stalker  
  76  7:34  Void Ray  
  80  7:49  Fleet Beacon  
  80  7:50  Void Ray  
  84  7:57  Pylon  
  84  7:58  Pylon  
  84  8:00  Pylon  
  84  8:01  Pylon  
  84  8:02  Pylon  
  84  8:04  Probe  
  85  8:14  Void Ray, Probe  
  90  8:23  Probe  
  91  8:30  Carrier  
  91  8:31  Probe  
  91  8:36  Protoss Air Weapons Level 2, Assimilator  
  98  8:43  Probe  
  98  8:44  Anion Pulse-Crystals  
  99  8:50  Carrier  
  99  8:55  Probe  
  106  9:07  Probe  
  107  9:19  Probe  
  84  9:31  Probe  
  74  9:41  Stalker  
  74  9:42  Stalker  
  74  9:43  Probe  
  62  9:55  Probe  
  63  10:04  Carrier  
  63  10:07  Carrier  
  71  10:21  Stalker x2  
  71  10:24  Probe  
  76  10:32  Probe  
  76  10:41  Probe  
  77  10:47  Nexus  
  78  10:53  Probe  
  78  10:55  Protoss Air Weapons Level 3  
  79  10:59  Observer  
  80  11:05  Probe  
  81  11:15  Assimilator  
  81  11:18  Assimilator  
  81  11:20  Carrier  
  81  11:22  Carrier  
  79  12:14  Carrier  
  79  12:20  Carrier  
  91  13:06  Nexus  
  91  13:09  Carrier  
  91  13:15  Carrier  
  97  13:22  Protoss Air Armor Level 1  
  103  13:45  Observer  
  104  13:57  Gateway  
  104  14:01  Probe  
  105  14:03  Carrier  
  105  14:05  Carrier  
  105  14:06  Immortal  
  109  14:13  Probe  
  110  14:21  Pylon  
  110  14:22  Pylon  
  110  14:23  Pylon  
  122  14:25  Probe  
  123  14:57  Probe  
  123  14:58  Stargate  
  123  15:05  Probe  
  124  15:12  Assimilator  
  125  15:15  Probe  
  126  15:27  Probe, Pylon  
  115  15:54  Carrier  
  115  15:55  Carrier  
  115  15:57  Carrier  
  128  16:20  Probe  
  129  16:28  Probe  
  130  16:36  Probe  
  130  16:39  Protoss Air Armor Level 2  
  131  16:47  Probe  
  132  17:14  Probe  
  133  17:26  Probe  
  133  17:27  Carrier  
  133  17:29  Carrier  
  146  17:32  Carrier  
  146  17:37  Pylon  
  152  17:38  Probe, Pylon  
  152  17:40  Pylon  
  153  17:50  Probe  
  154  18:02  Probe  
  155  18:09  Nexus  
  155  18:31  Carrier  
  155  18:33  Carrier  
  163  18:36  Carrier  
  158  19:34  Probe, Assimilator  
  159  19:38  Assimilator  
  159  19:42  Probe  
  159  19:51  Probe  
Show
View Real Time Build Order
Export as new Build Order

CaptainBrash Zerg 

Build Orders: Hatch First 

Get SALT Encoding   

  12  0:01  Drone  
  13  0:12  Overlord  
  13  0:18  Drone  
  14  0:30  Drone  
  14  0:31  Drone  
  16  0:41  Drone  
  17  1:00  Hatchery  
  16  1:04  Drone  
  16  1:06  Drone  
  18  1:15  Spawning Pool  
  18  1:18  Drone  
  18  1:23  Extractor  
  17  1:26  Drone  
  18  1:37  Drone  
  19  1:53  Drone  
  19  1:54  Overlord  
  20  2:02  Overlord  
  20  2:04  Queen  
  22  2:18  Drone  
  22  2:19  Drone  
  24  2:29  Drone x2  
  26  2:40  Queen  
  28  2:56  Drone x3  
  31  3:05  Drone, Roach Warren  
  31  3:07  Drone x2  
  33  3:16  Drone  
  34  3:21  Queen  
  34  3:23  Drone  
  37  3:30  Drone x2  
  37  3:31  Drone x2  
  41  3:42  Extractor  
  41  3:44  Extractor  
  39  3:50  Lair  
  39  3:54  Roach x2  
  39  3:55  Overlord x2  
  43  3:56  Overlord  
  43  4:06  Evolution Chamber  
  42  4:12  Evolution Chamber  
  41  4:19  Drone x2  
  44  4:24  Drone  
  44  4:25  Roach x3  
  50  4:45  Roach x4  
  58  5:04  Zerg Missile Weapons Level 1  
  58  5:05  Zerg Ground Armor Level 1  
  58  5:08  Roach x3  
  58  5:09  Roach  
  66  5:17  Drone  
  66  5:18  Drone  
  66  5:19  Overlord x2  
  68  5:22  Glial Reconstitution  
  68  5:36  Overlord x2  
  68  5:40  Drone x6  
  74  5:53  Hatchery  
  73  5:59  Drone  
  74  6:09  Queen  
  76  6:29  Roach x3  
  76  6:30  Roach  
  76  6:31  Overlord, Roach x3  
  90  6:44  Roach  
  90  6:46  Overlord x2  
  92  7:04  Zerg Missile Weapons Level 2  
  92  7:05  Infestation Pit, Zerg Ground Armor Level 2  
  91  7:09  Roach x5  
  91  7:10  Roach x5  
  111  7:41  Roach  
  113  7:54  Drone  
  113  7:55  Overlord x3  
  113  7:56  Overlord  
  114  8:11  Hydralisk Den  
  113  8:16  Hive  
  113  8:18  Roach  
  113  8:19  Roach x10  
  135  8:22  Overlord x2  
  135  8:23  Overlord  
  135  8:32  Drone x8  
  145  9:02  Roach  
  145  9:03  Roach x12  
  159  9:29  Hydralisk x5  
  139  9:50  Hydralisk x3  
  137  9:53  Zergling x8  
  137  9:54  Zergling x18  
  132  10:07  Hydralisk x3  
  124  10:16  Zergling x14  
  125  10:42  Roach  
  127  10:43  Roach x2, Hydralisk x4  
  139  10:52  Grooved Spines  
  139  10:58  Hydralisk  
  139  11:01  Zergling x22  
  152  11:10  Zerg Melee Weapons Level 1  
  102  12:08  Hydralisk x9  
  90  12:10  Roach  
  90  12:11  Zergling x18  
  86  12:57  Hydralisk x8  
  102  13:05  Hatchery  
  102  13:07  Extractor  
  100  13:17  Hydralisk x3  
  100  13:18  Zergling x2  
  100  13:19  Zergling x16, Hatchery  
  114  13:46  Hydralisk x5  
  124  13:48  Zergling x2  
  124  13:49  Zergling x12  
  131  13:56  Hydralisk  
  131  14:01  Zergling x2  
  134  14:19  Zerg Missile Weapons Level 3  
  134  14:26  Overlord x2  
  134  14:31  Hydralisk  
  134  14:32  Hydralisk  
  134  14:36  Zergling x30  
  153  14:45  Queen  
  155  14:46  Queen  
  155  14:49  Hydralisk x3  
  155  14:51  Zergling x14  
  170  15:08  Hydralisk x3  
  170  15:14  Zergling x28  
  190  15:27  Overlord  
  89  15:54  Hydralisk  
  89  15:55  Hydralisk x6  
  94  16:07  Spore Crawler x2  
  94  16:08  Hydralisk  
  94  16:09  Spore Crawler  
  94  16:10  Zergling x30  
  108  16:12  Spore Crawler x2  
  108  16:13  Spore Crawler  
  103  16:45  Spore Crawler  
  103  16:46  Spore Crawler x2  
  100  16:59  Hydralisk  
  100  17:00  Hydralisk x4  
  110  17:01  Zergling x2  
  110  17:02  Zergling x30  
  126  17:19  Extractor  
  126  17:21  Hydralisk  
  126  17:22  Extractor, Hydralisk  
  128  17:23  Zergling x12  
  128  17:24  Zergling x4  
  136  17:56  Hydralisk x3  
  136  17:58  Zergling x30  
  157  18:12  Drone x5  
  162  18:13  Hydralisk  
  98  18:37  Hydralisk x3  
  98  18:39  Pneumatized Carapace  
  82  18:46  Zergling x6  
  79  19:07  Drone x5  
  79  19:08  Zergling x6  
  82  19:11  Drone  
  82  19:12  Drone  
  72  19:34  Drone x10  
Tags
 
Composition
Carriers
Matchup
PvZ
Spawn Locations
Cross Positions
Add a new tag
Caveats
  • Supply blocks, unpowered buildings, or Contaminate may cause inaccurate times.
  • Supply counts are checked every 10 seconds.